 Dungeon Crawl Stone Soup version 0.32-a0-999-gfa1cc04b1d (webtiles) character file.

Game seed: 11926381761154690772

45 Cancer the Covert (level 3, -2/26 HPs)
             Began as an Octopode Delver on Apr 24, 2024.
             Slain by a hobgoblin
             ... wielding a +0 mace
              (6 damage)
             ... on level 2 of the Dungeon.
             The game lasted 00:02:55 (305 turns).

Cancer the Covert (Octopode Delver)                  Turns: 305, Time: 00:02:55

Health: -2/26      AC:  1    Str: 11    XL:     3   Next: 64%
Magic:  3/3        EV: 12    Int: 12    God:
Gold:   0          SH:  0    Dex: 15    Spells: 2/2 levels left

rFire   . .          .
                       - Unarmed
rCold   . . .        (no shield)
rNeg    . . .        (helmet restricted)
rPois   .            (no amulet)
rElec   .            (no ring)
rCorr   .            (no ring)
SInv    .            (no ring)
Will    .....        (no ring)
Stlth   +++++        (no ring)
HPRegen 0.24/turn    (no ring)
MPRegen 0.08/turn    (no ring)
                     (no ring)

%: no passive effects
@: no status effects
A: almost no armour, amphibious, 8 rings, camouflage 1, gelatinous body 1,
(nimble swimmer 1), tentacles
a: no special abilities


You were on level 2 of the Dungeon.
You visited 1 branch of the dungeon, and saw 4 of its levels.

Inventory:

Wands
 e - a wand of digging (3)
Scrolls
 a - a scroll of fog
 b - a scroll of revelation
 c - a scroll of fear
Potions
 d - a potion of haste


   Skills:
 - Level 3.0 Fighting
 - Level 2.0 Dodging
 + Level 8.3 Stealth
 - Level 2.0 Unarmed Combat


You had 2 spell levels left.
You didn't know any spells.
Your spell library was empty.

Dungeon Overview and Level Annotations

Branches:
Dungeon (5/15)
 Temple: D:4-7

Altars:


Innate Abilities, Weirdness & Mutations

You cannot wear most types of armour.
You are amphibious.
You can wear up to eight rings at the same time.
Your skin changes colour to match your surroundings (Stealth+).
Your rubbery body absorbs attacks. (AC +1, EV +1)
((You are camouflaged when in or above water. (Stealth+)))
You have tentacles for arms and can constrict up to eight enemies at once.


Message History

You enter the deep water.
The bat barely misses you.
A ball python comes into view.
The bat barely misses you.
The ball python hisses angrily.
You tentacle-slap the bat but do no damage.
You grab the bat. You constrict the bat. The bat barely misses you. x2
You barely miss the bat. Your squeeze misses the bat.
The bat is severely wounded.
You constrict the bat.
You kill the bat!
You barely miss the phantom. Your squeeze misses the phantom.
The phantom is lightly damaged.
The phantom hits you.
The phantom blinks!
You blink.
You tentacle-slap the phantom but do no damage.
The phantom is lightly damaged.
The phantom hits you!
You miss the phantom. You squeeze the phantom.
The phantom is moderately damaged.
The phantom barely misses you.
You tentacle-slap the ball python. Your grab misses the ball python.
Your squeeze misses the ball python.
The ball python is heavily wounded.
The ball python bites you. The ball python barely misses you.
The phantom completely misses you.
You tentacle-slap the ball python.
You kill the ball python!
The phantom hits you!
* * * LOW HITPOINT WARNING * * *
You miss the phantom.
The phantom is moderately damaged.
The phantom barely misses you.
You barely miss the phantom. Your squeeze misses the phantom.
The phantom is moderately damaged.
The phantom hits you.
* * * LOW HITPOINT WARNING * * *
You tentacle-slap the hobgoblin. You grab the hobgoblin.
The hobgoblin is moderately wounded.
You constrict the hobgoblin. The phantom closely misses you.
The hobgoblin hits you with a +0 mace.
You die...

####. ##..(.. ..... #...
####.######### #
#.W|.........# .#
###.@g.####†g..##.##
#....#†#≈≈≈##......#
#..†.#≈≈≈≈≈≈#....#...
#...##≈≈#≈#≈##...#
+...#≈≈≈≈≈≈≈≈≈...#
..##..$~≈#≈≈≈≈≈≈#.....g.
.......~#≈≈≈≈#≈##...###.
###.....#≈≈#≈≈≈~..g...
####..~##≈≈###...#.##


You could see a phantom and a hobgoblin.

Vanquished Creatures
  4 adders
  A ribbon worm (D:4)
  A ball python (D:2)
  A hobgoblin (D:2)
  A bat (D:2)
  A kobold (D:4)
9 creatures vanquished.

Notes
Turn   | Place    | Note
-------+----------+-------------------------------------------
     0 | D:5      | Cancer the Octopode Delver began the quest for the Orb.
     0 | D:5      | Reached XP level 1. HP: 16/16 MP: 1/1
   100 | D:4      | Reached skill level 7 in Stealth
   100 | D:4      | Reached XP level 2. HP: 21/21 MP: 2/2
   155 | D:4      | Noticed a bombardier beetle
   162 | D:4      | Reached XP level 3. HP: 26/26 MP: 3/3
   174 | D:4      | Noticed a scorpion
   178 | D:3      | Noticed a phantom
   251 | D:2      | Reached skill level 8 in Stealth
   305 | D:2      | Slain by a hobgoblin

Illustrated notes

Levels and vault maps discovered:
D:2:      layout_basic, minivault_4, nrook_uturn, minmay_tromino_mix6
D:3:      minmay_spotlight, layout_loops_cross, minmay_circle_x, uniq_sigmund
D:4:      layout_layer_cave, uniq_crazy_yiuf_cottage
D:5:      layout_loops_ring, gammafunk_ghost_split, kennysheep_cross_room,
          hangedman_decor_lopped, hex_large, st_stairs_5,
          nicolae_shop_overcharged_wands

Skill      XL: |  1  2  3 |
---------------+----------+-----
Stealth        | 7 8 |  8.3
Fighting       | |  3.0
Dodging        | |  2.0
Unarmed Combat | |  2.0

Action                     || total
---------------------------++-------
  Melee: Unarmed           ||    32
         Tentacles         ||     8
         Constrict         ||     8
         Punch             ||     1
   Stab: Sleeping          ||     2
 Armour: Skin              ||    19
  Dodge: Dodged            ||    29

Table legend: (Time is in decaauts)
 A = Elapsed time spent in this place.
 B = Non-inter-level travel time spent in this place.
 C = Inter-level travel time spent in this place.
 D = Time resting spent in this place.
 E = Time spent auto-exploring this place.
 F = Levels seen in this place.
 G = Mean time per level.
                   A        B        C        D        E       F      G
               +--------+--------+--------+--------+--------+-----+--------+
         Total |    303 |    277 |     26 |      0 |     15 |   4 |   75.8 |
       Dungeon |    303 |    277 |     26 |      0 |     15 |   4 |   75.8 |
               +--------+--------+--------+--------+--------+-----+--------+

Top non-repeatable levels by time:
     D:5: 144 daAuts
     D:2: 111 daAuts
     D:4: 32 daAuts
     D:3: 15 daAuts
